| TOP OF THE 1ST |
|
Sumter Gamecocks batting - Pitching for Spartanburg Spartans : LHP Nick Fiorillo
|
|
Pitching: LHP Nick Fiorillo
|
|
|
Batting: SHB John Cangelosi
|
0-0: Called Strike 0-1: Swinging Strike 0-2: Ball 1-2: Ball 2-2: Strikes out swinging
|
|
Batting: LHB Antonio Tapia
|
0-0: Ball 1-0: DOUBLE (Flyball, 8RXD, EV 94.4 MPH)
|
|
Batting: RHB Randy Washington
|
0-0: Called Strike Antonio Tapia is caught stealing 3rd base 2-5 0-1: Ball 1-1: Ball 2-1: Ball 3-1: Foul Ball, location: 2F 3-2: Base on Balls
|
|
Batting: RHB Kelly Gruber
|
0-0: Ground out 4-3 (Groundball, 34, EV 101.9 MPH)
|
| Top of the 1st over - 0 runs, 1 hit, 0 errors, 1 left on base; Sumter 0 - Spartanburg 0 |
| BOTTOM OF THE 1ST |
|
Spartanburg Spartans batting - Pitching for Sumter Gamecocks : LHP Dave Lochner
|
|
Pitching: LHP Dave Lochner
|
|
|
Batting: SHB Michael Vanderburg
|
0-0: Ball 1-0: Called Strike 1-1: Ground out 6-3 (Groundball, 6, EV 103.8 MPH)
|
|
Batting: RHB Ron Dillard
|
0-0: Foul Ball, location: 2F 0-1: Ball 1-1: Ball 2-1: Foul Ball, location: 2F 2-2: Strikes out swinging
|
|
Batting: RHB Dan Boever
|
0-0: Called Strike 0-1: Ball 1-1: Fly out, F7 (Flyball, 78M, EV 81.9 MPH)
|
| Bottom of the 1st over - 0 runs, 0 hits, 0 errors, 0 left on base; Sumter 0 - Spartanburg 0 |
| TOP OF THE 2ND |
|
Sumter Gamecocks batting - Pitching for Spartanburg Spartans : LHP Nick Fiorillo
|
|
Batting: LHB Mark Gerard
|
0-0: Called Strike 0-1: Ball 1-1: Foul Ball, location: 2F 1-2: Ball 2-2: SINGLE (Line Drive, 8LS, EV 105.0 MPH)
|
|
Batting: RHB Vaughn Calloway
|
0-0: Foul Ball, location: 2F 0-1: Foul Ball, location: 2F 0-2: Ball 1-2: Strikes out looking
|
|
Batting: RHB Jerry Hidalgo
|
0-0: Foul Ball, location: 2F 0-1: Fly out, F9 (Flyball, 9LS, EV 89.4 MPH)
|
|
Batting: RHB Ron Shepherd
|
0-0: Called Strike 0-1: Foul Ball, location: 2F 0-2: Ball 1-2: Ball 2-2: Strikes out swinging
|
| Top of the 2nd over - 0 runs, 1 hit, 0 errors, 1 left on base; Sumter 0 - Spartanburg 0 |
| BOTTOM OF THE 2ND |
|
Spartanburg Spartans batting - Pitching for Sumter Gamecocks : LHP Dave Lochner
|
|
Batting: LHB John Hennell
|
0-0: Ball 1-0: Swinging Strike 1-1: Ball 2-1: Ball 3-1: Base on Balls
|
|
Batting: RHB Rigo Rodriguez
|
0-0: Called Strike 0-1: Foul Ball, location: 2F 0-2: Ball 1-2: Ball 2-2: Ball 3-2: Strikes out swinging
|
|
Batting: RHB Philip Belmonte
|
0-0: Ball 1-0: Foul Ball, location: 2F 1-1: Ball 2-1: Ball 3-1: Base on Balls John Hennell to second
|
|
Batting: LHB Albert Ortiz
|
0-0: Ball 1-0: Ball 2-0: Foul Ball, location: 2F 2-1: Swinging Strike 2-2: Foul Ball, location: 2F 2-2: Ball 3-2: Foul Ball, location: 2F 3-2: Strikes out looking
|
|
Batting: LHB Ronn Van Krevelen
|
0-0: Foul Ball, location: 2F 0-1: Swinging Strike 0-2: Strikes out swinging
|
| Bottom of the 2nd over - 0 runs, 0 hits, 0 errors, 2 left on base; Sumter 0 - Spartanburg 0 |
| TOP OF THE 3RD |
|
Sumter Gamecocks batting - Pitching for Spartanburg Spartans : LHP Nick Fiorillo
|
|
Batting: LHB Rick Siriano
|
0-0: Ball 1-0: Foul Ball, location: 2F 1-1: Ball 2-1: Foul Ball, location: 2F 2-2: Ball 3-2: Base on Balls
|
|
Batting: SHB John Cangelosi
|
0-0: Ball 1-0: Ball 2-0: Foul Ball, location: 2F 2-1: Called Strike 2-2: Ball 3-2: Base on Balls Rick Siriano to second
|
|
Batting: LHB Antonio Tapia
|
0-0: Called Strike Rick Siriano is caught stealing 3rd base 2-5 0-1: Ball John Cangelosi is caught stealing 2nd base 2-6 1-1: Foul Ball, location: 2F 1-2: Reached on error, E6 (Groundball, 6, EV 86.3 MPH)
|
|
Batting: RHB Randy Washington
|
0-0: Ball 1-0: Called Strike 1-1: Called Strike 1-2: Ball 2-2: Fly out, F8 (Flyball, 78M, EV 90.0 MPH)
|
| Top of the 3rd over - 0 runs, 0 hits, 1 error, 1 left on base; Sumter 0 - Spartanburg 0 |
| BOTTOM OF THE 3RD |
|
Spartanburg Spartans batting - Pitching for Sumter Gamecocks : LHP Dave Lochner
|
|
Batting: RHB Robin Dreizler
|
0-0: Ball 1-0: Ball 2-0: Foul Ball, location: 2F 2-1: Fly out, F8 (Flyball, 78M, EV 88.8 MPH)
|
|
Batting: SHB Michael Vanderburg
|
0-0: Called Strike 0-1: SINGLE (Groundball, 5D, EV 93.8 MPH)
|
|
Batting: RHB Ron Dillard
|
0-0: Grounds into double play, 5-4-3 (Groundball, 56, EV 98.1 MPH)
|
| Bottom of the 3rd over - 0 runs, 1 hit, 0 errors, 0 left on base; Sumter 0 - Spartanburg 0 |
| TOP OF THE 4TH |
|
Sumter Gamecocks batting - Pitching for Spartanburg Spartans : LHP Nick Fiorillo
|
|
Batting: RHB Kelly Gruber
|
0-0: Ball 1-0: Called Strike 1-1: Ball 2-1: Foul Ball, location: 2F 2-2: Strikes out swinging
|
|
Batting: LHB Mark Gerard
|
0-0: SINGLE (Groundball, 34, EV 102.5 MPH)
|
|
Batting: RHB Vaughn Calloway
|
0-0: Ball 1-0: Ball 2-0: Ball 3-0: Called Strike 3-1: Base on Balls Mark Gerard to second
|
|
Batting: RHB Jerry Hidalgo
|
0-0: Fly out, F7 (Flyball, 7S, EV 89.4 MPH)
|
|
Batting: RHB Ron Shepherd
|
0-0: Ball 1-0: Swinging Strike 1-1: Ball 2-1: Swinging Strike 2-2: Foul Ball, location: 2F 2-2: Foul Ball, location: 2F 2-2: Ball 3-2: Strikes out swinging
|
| Top of the 4th over - 0 runs, 1 hit, 0 errors, 2 left on base; Sumter 0 - Spartanburg 0 |
| BOTTOM OF THE 4TH |
|
Spartanburg Spartans batting - Pitching for Sumter Gamecocks : LHP Dave Lochner
|
|
Batting: RHB Dan Boever
|
0-0: Foul Ball, location: 2F 0-1: Ball 1-1: Swinging Strike 1-2: Ball 2-2: Ball 3-2: Base on Balls
|
|
Batting: LHB John Hennell
|
0-0: Fly out, F8 (Line Drive, 8LD, EV 100.0 MPH)
|
|
Batting: RHB Rigo Rodriguez
|
0-0: Called Strike 0-1: Foul Ball, location: 2F 0-2: Ball 1-2: Fly out, F7 (Line Drive, 7, EV 90.6 MPH)
|
|
Batting: RHB Philip Belmonte
|
0-0: Fly out, F8 (Flyball, 8RS, EV 82.5 MPH)
|
| Bottom of the 4th over - 0 runs, 0 hits, 0 errors, 1 left on base; Sumter 0 - Spartanburg 0 |
| TOP OF THE 5TH |
|
Sumter Gamecocks batting - Pitching for Spartanburg Spartans : LHP Nick Fiorillo
|
|
Batting: LHB Rick Siriano
|
0-0: Swinging Strike 0-1: Swinging Strike 0-2: Ball 1-2: Foul Ball, location: 2F 1-2: Ball 2-2: Ground out 4-3 (Groundball, 4M, EV 86.9 MPH)
|
|
Batting: SHB John Cangelosi
|
0-0: Called Strike 0-1: Swinging Strike 0-2: Ball 1-2: Ball 2-2: Foul Ball, location: 2F 2-2: Ball 3-2: Foul Ball, location: 2F 3-2: Base on Balls
|
|
Batting: LHB Antonio Tapia
|
0-0: Ball 1-0: Swinging Strike 1-1: Ball 2-1: Foul Ball, location: 2F 2-2: Foul Ball, location: 2F 2-2: Fly out, F8 (Flyball, 8RD, EV 99.4 MPH)
|
|
Batting: RHB Randy Washington
|
0-0: Foul Ball, location: 2F 0-1: Ball 1-1: Fly out, F8 (Flyball, 89D, EV 104.4 MPH)
|
| Top of the 5th over - 0 runs, 0 hits, 0 errors, 1 left on base; Sumter 0 - Spartanburg 0 |
| BOTTOM OF THE 5TH |
|
Spartanburg Spartans batting - Pitching for Sumter Gamecocks : LHP Dave Lochner
|
|
Batting: LHB Albert Ortiz
|
0-0: Swinging Strike 0-1: Ball 1-1: Ball 2-1: Ground out 2-3 (Groundball, 13S, EV 67.5 MPH)
|
|
Batting: LHB Ronn Van Krevelen
|
0-0: Called Strike 0-1: Ground out 4-3 (Groundball, 34, EV 110.0 MPH)
|
|
Batting: RHB Robin Dreizler
|
0-0: Foul Ball, location: 2F 0-1: Ball 1-1: Ball 2-1: Ball 3-1: Foul Ball, location: 2F 3-2: Ground out 2-3 (Groundball, 2R, EV 71.9 MPH)
|
| Bottom of the 5th over - 0 runs, 0 hits, 0 errors, 0 left on base; Sumter 0 - Spartanburg 0 |
| TOP OF THE 6TH |
|
Sumter Gamecocks batting - Pitching for Spartanburg Spartans : LHP Nick Fiorillo
|
|
Batting: RHB Kelly Gruber
|
0-0: Ball 1-0: Fly out, F3 (Flyball, 3D, EV 76.3 MPH)
|
|
Batting: LHB Mark Gerard
|
0-0: Fly out, F9 (Flyball, 9S, EV 90.0 MPH)
|
|
Batting: RHB Vaughn Calloway
|
0-0: Ball 1-0: Ball 2-0: Ball 3-0: Base on Balls
|
|
Batting: RHB Jerry Hidalgo
|
0-0: Fly out, F3 (Popup, 3S, EV 72.5 MPH)
|
| Top of the 6th over - 0 runs, 0 hits, 0 errors, 1 left on base; Sumter 0 - Spartanburg 0 |
| BOTTOM OF THE 6TH |
|
Spartanburg Spartans batting - Pitching for Sumter Gamecocks : LHP Dave Lochner
|
|
Batting: SHB Michael Vanderburg
|
0-0: Ball 1-0: Ball 2-0: Ball 3-0: Base on Balls
|
|
Batting: RHB Ron Dillard
|
0-0: Called Strike 0-1: Ball 1-1: Bunted foul 1-2: Strikes out swinging
|
|
Batting: RHB Dan Boever
|
0-0: Called Strike 0-1: Foul Ball, location: 2F 0-2: Ball 1-2: Ball 2-2: Fly out, F9 (Line Drive, 9, EV 107.5 MPH)
|
|
Batting: LHB John Hennell
|
0-0: Ball 1-0: Ball 2-0: DOUBLE (Line Drive, 8RXD, EV 101.3 MPH) Michael Vanderburg to third Runner from 3rd tries for Home, SAFE, no throw by CF
|
|
Batting: RHB Rigo Rodriguez
|
0-0: Called Strike 0-1: Ball 1-1: Swinging Strike 1-2: Ball 2-2: Strikes out looking
|
| Bottom of the 6th over - 1 run, 1 hit, 0 errors, 1 left on base; Sumter 0 - Spartanburg 1 |
| TOP OF THE 7TH |
|
Sumter Gamecocks batting - Pitching for Spartanburg Spartans : LHP Nick Fiorillo
|
|
Batting: RHB Ron Shepherd
|
0-0: Ball 1-0: Ground out 6-3 (Groundball, 56, EV 88.8 MPH)
|
|
Batting: LHB Rick Siriano
|
0-0: Foul Ball, location: 2F 0-1: Ball 1-1: Called Strike 1-2: Ball 2-2: Ball 3-2: Base on Balls
|
|
Batting: SHB John Cangelosi
|
0-0: Ball 1-0: Ball 2-0: Ball 3-0: Called Strike 3-1: Base on Balls Rick Siriano to second
|
|
Pinch Hitting: RHB Timothy Thiessen
|
0-0: DOUBLE (Flyball, 89XD, EV 113.1 MPH) Rick Siriano scores John Cangelosi to third
|
|
Batting: RHB Randy Washington
|
0-0: Intentional Walk
|
|
Batting: RHB Kelly Gruber
|
0-0: Fly out, F4 (Popup, 34S, EV 82.5 MPH)
|
|
Batting: LHB Mark Gerard
|
0-0: Ball 1-0: Ball 2-0: Called Strike 2-1: Ball 3-1: Base on Balls John Cangelosi scores Timothy Thiessen to third Randy Washington to second
|
|
Batting: RHB Vaughn Calloway
|
0-0: Ball 1-0: Foul Ball, location: 2F 1-1: Ball 2-1: Foul Ball, location: 2F 2-2: Fly out, F8 (Flyball, 8LD, EV 101.9 MPH)
|
| Top of the 7th over - 2 runs, 1 hit, 0 errors, 3 left on base; Sumter 2 - Spartanburg 1 |
| BOTTOM OF THE 7TH |
|
Spartanburg Spartans batting - Pitching for Sumter Gamecocks : LHP Dave Lochner
|
|
Now at 2B: Johnny Vestal
|
|
|
Batting: RHB Philip Belmonte
|
0-0: Called Strike 0-1: Called Strike 0-2: Foul Ball, location: 2F 0-2: Ball 1-2: Fly out, F7 (Line Drive, 7, EV 86.9 MPH)
|
|
Batting: LHB Albert Ortiz
|
0-0: Ground out 6-3 (Groundball, 6, EV 88.8 MPH)
|
|
Batting: LHB Ronn Van Krevelen
|
0-0: Called Strike 0-1: Ball 1-1: Ground out 4-3 (Groundball, 4MD, EV 95.6 MPH)
|
| Bottom of the 7th over - 0 runs, 0 hits, 0 errors, 0 left on base; Sumter 2 - Spartanburg 1 |
| TOP OF THE 8TH |
|
Sumter Gamecocks batting - Pitching for Spartanburg Spartans : LHP Nick Fiorillo
|
|
Batting: RHB Jerry Hidalgo
|
0-0: Foul Ball, location: 2F 0-1: Swinging Strike 0-2: Ball 1-2: Foul Ball, location: 2F 1-2: Ground out 1-3 (Groundball, 34S, EV 60.0 MPH)
|
|
Batting: RHB Ron Shepherd
|
0-0: Ball 1-0: SINGLE (Line Drive, 9S, EV 101.3 MPH)
|
|
Batting: LHB Rick Siriano
|
0-0: Called Strike 0-1: Ball 1-1: Ball 2-1: Swinging Strike 2-2: Ball 3-2: Base on Balls Ron Shepherd to second
|
|
Batting: SHB John Cangelosi
|
0-0: Ball 1-0: Called Strike 1-1: Swinging Strike 1-2: Ball 2-2: Ground out 5-3 (Groundball, 6S, EV 78.1 MPH) Ron Shepherd to third Rick Siriano to second
|
|
Batting: RHB Johnny Vestal
|
0-0: Ball 1-0: SINGLE (Groundball, 4MD, EV 103.1 MPH) Ron Shepherd scores Rick Siriano to third Runner from 3rd tries for Home, SAFE, throw by CF to home
|
|
Batting: RHB Randy Washington
|
0-0: Ball 1-0: SINGLE (Groundball, 4MD, EV 100.0 MPH) Johnny Vestal to second Runner from 2nd tries for 3rd, SAFE, no throw by CF
|
|
Batting: RHB Kelly Gruber
|
0-0: Ball 1-0: Fly out, F8 (Flyball, 8LM, EV 86.9 MPH)
|
| Top of the 8th over - 2 runs, 3 hits, 0 errors, 2 left on base; Sumter 4 - Spartanburg 1 |
| BOTTOM OF THE 8TH |
|
Spartanburg Spartans batting - Pitching for Sumter Gamecocks : LHP Dave Lochner
|
|
Batting: RHB Robin Dreizler
|
0-0: Fly out, F4 (Popup, 4D, EV 56.9 MPH)
|
|
Batting: SHB Michael Vanderburg
|
0-0: Ball 1-0: Called Strike 1-1: Foul Ball, location: 2F 1-2: Ground out U3 (Groundball, 3L, EV 83.1 MPH)
|
|
Batting: RHB Ron Dillard
|
0-0: Foul Ball, location: 2F 0-1: Ground out 6-3 (Groundball, P, EV 91.3 MPH)
|
| Bottom of the 8th over - 0 runs, 0 hits, 0 errors, 0 left on base; Sumter 4 - Spartanburg 1 |
| TOP OF THE 9TH |
|
Sumter Gamecocks batting - Pitching for Spartanburg Spartans : LHP Nick Fiorillo
|
|
Batting: LHB Mark Gerard
|
0-0: Ground out 2-3 (Groundball, 13S, EV 68.1 MPH)
|
|
Batting: RHB Vaughn Calloway
|
0-0: SINGLE (Groundball, 4M, EV 101.3 MPH)
|
|
Batting: RHB Jerry Hidalgo
|
0-0: Foul Ball, location: 2F 0-1: Ball 1-1: Ball 2-1: Ball 3-1: Base on Balls Vaughn Calloway to second
|
|
Batting: RHB Ron Shepherd
|
0-0: Called Strike 0-1: Called Strike 0-2: Ball 1-2: Fly out, F3 (Popup, 3S, EV 78.8 MPH)
|
|
Batting: LHB Rick Siriano
|
0-0: Ball 1-0: Called Strike 1-1: Ball 2-1: Ball 3-1: Base on Balls Vaughn Calloway to third Jerry Hidalgo to second
|
|
Batting: SHB John Cangelosi
|
0-0: Ball 1-0: Ball 2-0: Called Strike 2-1: Ball 3-1: Swinging Strike 3-2: Base on Balls Vaughn Calloway scores Jerry Hidalgo to third Rick Siriano to second
|
|
Batting: RHB Johnny Vestal
|
0-0: Ball 1-0: Called Strike 1-1: Foul Ball, location: 2F 1-2: Strikes out swinging
|
| Top of the 9th over - 1 run, 1 hit, 0 errors, 3 left on base; Sumter 5 - Spartanburg 1 |
| BOTTOM OF THE 9TH |
|
Spartanburg Spartans batting - Pitching for Sumter Gamecocks : LHP Dave Lochner
|
|
Batting: RHB Dan Boever
|
0-0: Reached on error, E5 (Groundball, 56S, EV 67.5 MPH)
|
|
Batting: LHB John Hennell
|
0-0: Ball 1-0: Ball 2-0: Fly out, F7 (Flyball, 7S, EV 88.8 MPH)
|
|
Batting: RHB Rigo Rodriguez
|
0-0: Called Strike 0-1: Ball 1-1: Ball 2-1: Ball 3-1: Base on Balls Dan Boever to second
|
|
Batting: RHB Philip Belmonte
|
0-0: Called Strike 0-1: Ball 1-1: Ball 2-1: Ball 3-1: Base on Balls Dan Boever to third Rigo Rodriguez to second
|
|
Pitching: RHP Kurt Mattson
|
|
|
Batting: LHB Albert Ortiz
|
0-0: Ball 1-0: Grounds into double play, 4-6-3 (Groundball, 4, EV 77.5 MPH)
|
| Bottom of the 9th over - 0 runs, 0 hits, 1 error, 2 left on base; Sumter 5 - Spartanburg 1 |
|